 Dungeon Crawl Stone Soup version 0.23.2-1-ga50397a6bc (webtiles) character file.

Game seed: 18347482314505245802

29954 Ethylacetat the Spear-Bearer (level 13, -1/107 HPs)
             Began as a Demonspawn Gladiator on Apr 28, 2019.
             Was the Champion of Okawaru.
             Slain by a black mamba (12 damage)
             ... on level 2 of the Lair of Beasts.
             The game lasted 00:54:59 (18281 turns).

Ethylacetat the Spear-Bearer (DsGl)                Turns: 18281, Time: 00:54:59

Health: -1/107     AC: 15    Str: 21    XL:     13   Next: 18%
Magic:  0/9        EV: 18    Int:  9    God:    Okawaru [******]
Gold:   845        SH:  0    Dex: 20    Spells: 18/20 levels left

rFire    . . .     SeeInvis .   O - +5 dagger (venom)
rCold    + . .     Gourm    .   (no shield)
rNeg     + + .     Faith    +   H - +5 scale mail of Coxaole Bopt {rElec rN++ MR- MP-9}
rPois    .         Spirit   +   z - +0 hat {MR+}
rElec    +         Reflect  .   (no cloak)
rCorr    .         Harm     .   j - +2 pair of gloves
MR       +....     Clarity  +   (no boots)
Stlth    ++........             T - amulet of faith
HPRegen  0.27/turn              W - +4 ring of strength
MPRegen  0.22/turn              U - ring of Kehefuxacs {MR+ Dex+2}

@: lethally poisoned (-1 -> -14), heroism
A: horns 2, repulsion field 2, clarity, cold resistance 1, low mp 1, magic
shield, magic regeneration, freezing cloud immunity, MP-powered wands
a: Heroism, Finesse, Renounce Religion


You were on level 2 of the Lair of Beasts.
You worshipped Okawaru.
Okawaru was exalted by your worship.
You were very hungry.

You visited 3 branches of the dungeon, and saw 14 of its levels.
You also visited: Sewer, Bailey and Gauntlet.

You collected 845 gold pieces.

Inventory:

Hand Weapons
 I - a +3 halberd of electrocution
 O - a +5 dagger of venom (weapon)
Missiles
 d - 6 throwing nets (quivered)
 n - 69 tomahawks of returning
Armour
 j - a +2 pair of gloves (worn)
 r - a +0 shield
 z - a +0 hat of magic resistance (worn)
 H - the +5 scale mail of Coxaole Bopt (worn) {rElec rN++ MR- MP-9}
   (You found it in a Gauntlet)

   It insulates you from electricity.
   It greatly protects you from negative energy.
   It affects your resistance to hostile enchantments.
   It affects your magic capacity (-9).
Jewellery
 m - an uncursed amulet of the acrobat
 T - an amulet of faith (around neck)
 U - the ring of Kehefuxacs (right hand) {MR+ Dex+2}
   (You found it in a Gauntlet)

   [ring of dexterity]

   It affects your dexterity (+2).
   It affects your resistance to hostile enchantments.
 W - a +4 ring of strength (left hand)
Wands
 c - a wand of acid (15)
 y - a wand of iceblast (19)
 F - a wand of clouds (8)
 L - a wand of paralysis (5)
 M - a wand of digging (6)
 R - a wand of random effects (16)
 V - a wand of flame (44)
Scrolls
 b - 3 scrolls of amnesia
 g - 2 scrolls of fog
 h - 3 scrolls of blinking
 l - a scroll of silence {unknown}
 o - 12 scrolls of teleportation
 q - 3 scrolls of remove curse
 s - 2 scrolls of immolation {unknown}
 t - 3 scrolls of enchant armour
 D - 2 scrolls of fear
 K - 3 scrolls of identify
 X - a scroll of holy word {unknown}
Potions
 i - 4 potions of ambrosia
 k - 3 potions of heal wounds
 u - 3 potions of agility
 v - a potion of flight
 w - 3 potions of brilliance
 x - 2 potions of cancellation
 C - 5 potions of mutation
 E - a potion of invisibility
 G - a potion of might
 J - 8 potions of magic
 Q - 2 potions of lignification
Miscellaneous
 N - a sack of spiders
Comestibles
 f - 32 rations


   Skills:
 + Level 11.7(16.7) Fighting
 * Level 14.8(19.8) Polearms
 - Level 1.7(6.7) Throwing
 - Level 2.6(7.6) Dodging
 - Level 4.0 Spellcasting
 - Level 4.0 Translocations
 - Level 10.2 Invocations


You had 18 spell levels left.
You knew the following spells:

 Your Spells              Type           Power        Failure   Level  Hunger
a - Blink                 Tloc           N/A          21%         2    ###....

Your spell library contained the following spells:

 Spells                   Type           Power        Failure   Level  Hunger
 Magic Dart               Conj           #...         56%         1    #......
 Summon Small Mammal      Summ           #...         56%         1    #......
 Call Imp                 Summ           #.......     71%         2    ###....
 Slow                     Hex            #.......     71%         2    ###....
 Call Canine Familiar     Summ           #.......     91%         3    ###....
 Conjure Flame            Conj/Fire      #.......     91%         3    ###....
 Mephitic Cloud           Conj/Pois/Air  #.......     91%         3    ###....
 Summon Guardian Golem    Hex/Summ       #.......     91%         3    ###....
 Summon Ice Beast         Ice/Summ       #.......     100%        4    #####..
 Summon Lightning Spire   Summ/Air       #.......     100%        4    #####..


Dungeon Overview and Level Annotations

Branches:
Dungeon (10/15)            Temple (1/1) D:4            Lair (3/6) D:8
 Spider (0/4) Lair:3
  Swamp: Lair:2-4    Shoals: Lair:2-4       Orc: D:9-12

Altars:
Ashenzari
Cheibriados
Dithmenos
Elyvilon
Fedhas
Gozag
Hepliaklqana
Kikubaaqudgha
Makhleb
Nemelex Xobeh
Okawaru
Qazlal
Ru
Sif Muna
Trog
Uskayaw
Vehumet
Wu Jian
Xom
Yredelemnul
Zin
The Shining One
Beogh

Shops:
D:5 (   D:10 *

Annotations:
D:10 2 transporters


Innate Abilities, Weirdness & Mutations

You have a pair of horns on your head.
You are surrounded by a moderate repulsion field. (EV +3)
Your flesh is cold resistant. (rC+)
When hurt, damage is shared between your health and your magic reserves.
You regenerate magic rapidly.
You are immune to freezing clouds.
You possess an exceptional clarity of mind.
Your magical capacity is low. (-10% MP)
You expend magic power (3 MP) to strengthen your wands.


Message History

The black mamba bites you!
* * * LOW HITPOINT WARNING * * *
You closely miss the black mamba. Your headbutt misses the black mamba.
You feel sick. The black mamba barely misses you.
You completely miss the black mamba. Your headbutt misses the black mamba.
You feel sick. The black mamba closely misses you.
The black mamba bites you but does no damage.
You hit the black mamba.
The black mamba is poisoned.
Your headbutt misses the black mamba.
The black mamba is lightly wounded.
You feel sick. The black mamba closely misses you.
You barely miss the black mamba. You headbutt the black mamba!
The black mamba is moderately wounded.
You feel sick. The black mamba bites you!
* * * LOW HITPOINT WARNING * * *
You hit the black mamba. Your punch misses the black mamba.
The black mamba is heavily wounded.
* * * LOW HITPOINT WARNING * * *
You feel sick. The black mamba misses you. The black mamba bites you!
You die...

###.#...## ###....# ##.
##......## ####'## #.. #...P##..#
##....# ##.#
##'.P##.#######.....# #.+#
#............##+..PP### #...
..<.........#†........## #...
P...........#.........P### #...
#...........#.........##.#####...
#...........#...@......##..#.....
...............S.......#.#...+...
............#..........##...#....
#...........#..[......#...####...
.#####.#.##.#.........###.###P...
## ######...........'....###...
##..........#.P.#.#....
##.###.############.## #.## ###
###


You could see a black mamba.

Vanquished Creatures
  Gastronok (D:8)
  A minotaur (Gauntlet)
  4 hydras
  A catoblepas (D:9)
  Erica (D:8)
  2 two-headed ogres (D:10)
  A death yak (Lair:2)
  A shock serpent (shapeshifter) (Gauntlet)
  Nergalle (Lair:2)
  A wizard (Gauntlet)
  A glowing orange brain (shapeshifter) (Gauntlet)
  An orc knight (Bailey)
  A manticore (D:10)
  4 elephants (Lair:2)
  Maurice (D:8)
  Joseph (D:7)
  5 black mambas
  4 spiny frogs
  A torpor snail (Gauntlet)
  3 komodo dragons
  A troll (D:7)
  4 blink frogs (Lair:1)
  2 hippogriffs
  22 yaks
  2 wyverns
  The ghost of Kobolds4U the Skirmisher, an amateur DsBe of Trog (D:4)
  A hungry ghost (D:8)
  2 basilisks
  2 wargs (D:8)
  A water moccasin (shapeshifter) (Gauntlet)
  2 water moccasins (Lair:2)
  4 porcupines
  3 ice beasts
  Purgy (Sewer)
  5 orc warriors
  A phantom (D:4)
  2 black bears
  2 necrophages (D:10)
  5 ogres
  5 wolves (Lair:1)
  7 crocodiles
  5 centaurs
  A big kobold (D:9)
  9 bullfrogs
  5 scorpions
  9 wights
  2 howler monkeys
  An electric eel (D:8)
  6 crimson imps
  A bullfrog zombie (D:9)
  2 quasits
  3 hounds
  A jelly (D:7)
  14 orc priests
  9 orc wizards
  A bullfrog skeleton (D:10)
  A centaur skeleton (D:7)
  4 iguanas
  Jessica (D:3)
  8 worker ants
  2 hound skeletons (D:4)
  20 gnolls
  17 adders
  2 shadow imps
  2 white imps (Gauntlet)
  2 adder zombies
  2 adder skeletons
  5 worms
  4 dart slugs
  9 leopard geckos
  43 orcs
  2 ball pythons
  10 bats
  6 giant cockroaches
  16 hobgoblins
  11 jackals
  27 kobolds
  3 quokkas
  6 frilled lizards
  A giant cockroach zombie (D:6)
  7 goblins
  3 hobgoblin zombies (D:5)
  A kobold skeleton (D:5)
  3 kobold zombies (D:5)
  A leopard gecko skeleton (D:6)
  An orc skeleton (D:5)
  5 rats
405 creatures vanquished.

Vanquished Creatures (others)
  A fungus (Lair:2)
1 creature vanquished.

Grand Total: 406 creatures vanquished

Notes
Turn   | Place    | Note
-------+----------+-------------------------------------------
     0 | D:1      | Ethylacetat the Demonspawn Gladiator began the quest for
                  | the Orb.
     0 | D:1      | Reached XP level 1. HP: 16/16 MP: 1/1
    46 | D:1      | Reached skill level 3 in Polearms
    90 | D:1      | Gained mutation: Your flesh is cold resistant. (rC+)
                  | [demonic ancestry]
    90 | D:1      | Reached XP level 2. HP: 11/22 MP: 2/2
   227 | D:1      | You fall through a shaft!
   445 | D:2      | Reached XP level 3. HP: 26/28 MP: 3/3
  1122 | D:2      | Reached skill level 4 in Polearms
  1122 | D:2      | Gained mutation: You are surrounded by a mild repulsion
                  | field. (EV +2) [demonic ancestry]
  1122 | D:2      | Reached XP level 4. HP: 3/35 MP: 4/4
  2061 | D:3      | Noticed Jessica
  2076 | D:3      | Killed Jessica
  2076 | D:3      | Gained mutation: When hurt, damage is shared between your
                  | health and your magic reserves. [demonic ancestry]
  2076 | D:3      | Reached XP level 5. HP: 38/41 MP: 5/5
  2561 | D:4      | Reached skill level 5 in Polearms
  2616 | D:4      | Identified the +4 ring mail of Kewkom {Str+4 Dex+6}
  2623 | D:4      | Reached XP level 6. HP: 39/48 MP: 6/6
  2904 | D:4      | Found a staircase to the Ecumenical Temple.
  3001 | Temple   | Entered the Ecumenical Temple
  3028 | Temple   | Became a worshipper of Warmaster Okawaru
  3170 | D:4      | You fall through a shaft!
  3170 | D:5      | Entered Level 5 of the Dungeon
  3394 | D:4      | Found a runed translucent gate.
  3394 | D:4      | Found a runed translucent gate.
  3395 | D:4      | Noticed Kobolds4U's ghost (amateur DsBe)
  3396 | D:4      | Found a runed translucent gate.
  3546 | D:4      | Reached skill level 6 in Polearms
  3743 | D:4      | Killed Kobolds4U's ghost
  3743 | D:4      | Gained mutation: You regenerate magic rapidly. [demonic
                  | ancestry]
  3743 | D:4      | Reached XP level 7. HP: 46/55 MP: 7/7
  3753 | D:4      | Reached * piety under Okawaru
  3753 | D:4      | Reached skill level 5 in Fighting
  3961 | D:5      | Found Meidd's Weapon Shoppe.
  4048 | D:5      | Reached skill level 7 in Polearms
  4088 | D:5      | Reached skill level 1 in Invocations
  4718 | D:5      | Gained mutation: You are immune to freezing clouds.
                  | [demonic ancestry]
  4718 | D:5      | Reached XP level 8. HP: 55/63 MP: 9/9
  4808 | D:5      | Found a glowing golden altar of the Shining One.
  5159 | D:6      | Reached ** piety under Okawaru
  5181 | D:6      | Reached skill level 8 in Polearms
  5344 | D:6      | Found a glowing drain.
  5368 | Sewer    | Entered a sewer
  5536 | Sewer    | Noticed Purgy
  5545 | Sewer    | Killed Purgy
  5676 | D:6      | Found a snail-covered altar of Cheibriados.
  6363 | D:7      | Reached skill level 5 in Invocations
  6370 | D:7      | Gained mutation: You have a pair of small horns on your
                  | head. [demonic ancestry]
  6370 | D:7      | Reached XP level 9. HP: 58/71 MP: 10/12
  6403 | D:7      | Reached *** piety under Okawaru
  6420 | D:7      | Found a flagged portal.
  6429 | Bailey   | Entered a bailey
  6610 | Bailey   | Reached skill level 9 in Polearms
  6762 | Bailey   | Noticed an orc knight
  6866 | Bailey   | Gained mutation: You expend magic power (3 MP) to
                  | strengthen your wands. [potion of mutation]
  6866 | Bailey   | Gained mutation: Your magical capacity is low. (-10% MP)
                  | [potion of mutation]
  6866 | Bailey   | Gained mutation: You possess an exceptional clarity of
                  | mind. [potion of mutation]
  6879 | Bailey   | Killed an orc knight
  7278 | D:7      | Noticed Joseph
  7289 | D:7      | Killed Joseph
  7289 | D:7      | Reached skill level 10 in Polearms
  7314 | D:7      | Reached **** piety under Okawaru
  7408 | D:7      | Found a roughly hewn altar of Beogh.
  7408 | D:7      | Found a transporter.
  7408 | D:7      | Noticed a troll
  7430 | D:7      | Found a transporter.
  7764 | D:7      | Reached XP level 10. HP: 66/80 MP: 11/14
  8014 | D:8      | Noticed Maurice
  8035 | D:8      | Killed Maurice
  8522 | D:8      | Noticed Gastronok
  8558 | D:8      | Killed Gastronok
  8558 | D:8      | Reached ***** piety under Okawaru
  8558 | D:8      | Reached skill level 11 in Polearms
  8981 | D:8      | Received a gift from Okawaru
  9064 | D:8      | Found a staircase to the Lair.
  9081 | D:8      | Noticed Erica
  9112 | D:8      | HP: 4/83 [something (2)]
  9122 | D:8      | Killed Erica
  9122 | D:8      | Gained mutation: You have a pair of horns on your head.
                  | [demonic ancestry]
  9122 | D:8      | Reached XP level 11. HP: 36/89 MP: 5/16
  9502 | D:8      | Reached skill level 12 in Polearms
  9720 | D:8      | Reached skill level 10 in Invocations
 10563 | D:9      | Noticed a catoblepas
 11017 | D:9      | Killed a catoblepas
 11415 | D:10     | Entered Level 10 of the Dungeon
 11415 | D:10     | Found Johoucy's Mayhem Merchandise.
 11415 | D:10     | Noticed a two-headed ogre
 11424 | D:10     | Killed a two-headed ogre
 11424 | D:10     | Reached ****** piety under Okawaru
 11424 | D:10     | Reached skill level 10 in Fighting
 11746 | D:10     | Noticed a two-headed ogre
 11753 | D:10     | Killed a two-headed ogre
 11753 | D:10     | Reached skill level 13 in Polearms
 11938 | D:10     | Noticed a great orb of eyes
 11939 | D:10     | Found a transporter.
 12348 | D:10     | Noticed a white ugly thing
 12360 | D:10     | Found a transporter.
 12444 | Lair:1   | Entered Level 1 of the Lair of Beasts
 12528 | Lair:1   | Noticed a four-headed hydra
 12540 | Lair:1   | Killed a four-headed hydra
 12541 | Lair:1   | Gained mutation: You are surrounded by a moderate repulsion
                  | field. (EV +3) [demonic ancestry]
 12541 | Lair:1   | Reached XP level 12. HP: 29/98 MP: 2/17
 12827 | Lair:1   | Identified a scroll of acquirement
 12929 | Lair:1   | Found a hide-covered altar of Uskayaw.
 13067 | Lair:1   | Received a gift from Okawaru
 13225 | Lair:1   | Learned a level 2 spell: Blink
 13507 | Lair:1   | Noticed a seven-headed hydra
 13513 | Lair:1   | Killed a seven-headed hydra
 13591 | Lair:1   | Reached skill level 1 in Spellcasting
 13591 | Lair:1   | Reached skill level 1 in Translocations
 13950 | Lair:2   | Noticed Nergalle
 13971 | Lair:2   | Killed Nergalle
 14118 | Lair:2   | Reached skill level 14 in Polearms
 15280 | Lair:2   | Received a gift from Okawaru
 15847 | Lair:3   | Found a gate leading to a gauntlet.
 15864 | Gauntlet | Entered a Gauntlet
 15864 | Gauntlet | Found a transporter.
 16167 | Gauntlet | Found a transporter.
 16182 | Gauntlet | Found a transporter.
 16187 | Gauntlet | Found a transporter.
 16201 | Gauntlet | Noticed a six-headed hydra
 16202 | Gauntlet | Found a transporter.
 16221 | Gauntlet | Found a transporter.
 16236 | Gauntlet | Found a transporter.
 16239 | Gauntlet | Noticed a hell hog
 16244 | Gauntlet | Noticed a reaper
 16245 | Gauntlet | Found a transporter.
 16250 | Gauntlet | Found a transporter.
 16250 | Gauntlet | Found a transporter.
 16265 | Gauntlet | Found a transporter.
 16306 | Gauntlet | Found a transporter.
 16405 | Gauntlet | Found a transporter.
 16407 | Gauntlet | Found a transporter.
 16423 | Gauntlet | Found a transporter.
 16433 | Gauntlet | Found a transporter.
 16507 | Gauntlet | Got an ancient scale mail
 16520 | Gauntlet | Noticed a two-headed ogre
 16520 | Gauntlet | a mana viper changed into a two-headed ogre
 16523 | Gauntlet | a two-headed ogre changed into a glowing orange brain
 16532 | Gauntlet | Identified the +5 scale mail of Coxaole Bopt {rElec rN++
                  | MR- MP-9} (You found it in a Gauntlet)
 16554 | Gauntlet | Noticed a queen ant
 16554 | Gauntlet | Noticed a catoblepas
 16627 | Gauntlet | Killed a six-headed hydra
 16637 | Gauntlet | Reached XP level 13. HP: 32/106 MP: 1/18
 16704 | Gauntlet | Got a wavering bronze ring
 16706 | Gauntlet | Identified the ring of Kehefuxacs {MR+ Dex+2} (You found it
                  | in a Gauntlet)
 16911 | Gauntlet | Noticed a minotaur
 16951 | Gauntlet | Killed a minotaur
 18281 | Lair:2   | Slain by a black mamba

Skill      XL: |  1  2  3  4  5  6  7  8  9 10 11 12 13 |
---------------+----------------------------------------+-----
Polearms       | 3 4 5 6 7 8 10 11 13 14 | 14.8
Fighting       | 3 4 5 6 7 9 10 11 | 11.7
Invocations    | 2 5 7 9 10 | 10.2
Spellcasting   | 3 4 |  4.0
Translocations | 3 4 |  4.0
Throwing       | |  1.7
Dodging        | |  2.6

Action                   |  1- 3 |  4- 6 |  7- 9 | 10-12 | 13-15 || total
-------------------------+-------+-------+-------+-------+-------++-------
Melee: Trident           |   124 |   285 |   431 |       |       ||   840
       Halberd           |       |       |   128 |   126 |       ||   254
       Headbutt          |       |       |    20 |   299 |    34 ||   353
       Dagger            |       |       |       |   647 |    90 ||   737
       Punch             |       |       |       |     1 |       ||     1
Throw: Throwing net      |       |       |     2 |       |     6 ||     8
 Cast: Blink             |       |       |       |       |     4 ||     4
Invok: Heroism           |       |       |       |     2 |     1 ||     3
       Finesse           |       |       |       |     2 |       ||     2
  Use: Potion            |       |     2 |     5 |    17 |       ||    24
       Scroll            |       |       |     7 |    12 |       ||    19
 Stab: Sleeping          |     3 |       |     7 |     1 |       ||    11
       Held in net/web   |       |       |     2 |       |     3 ||     5
       Distracted        |       |       |     1 |       |       ||     1
       Invisible         |       |       |       |     2 |       ||     2
  Eat: Chunk             |     1 |     8 |    14 |    26 |     6 ||    55
       Ration            |       |       |       |     1 |       ||     1
Armor: Leather armour    |    32 |       |       |       |       ||    32
       Scale mail        |    11 |    82 |       |    14 |    40 ||   147
       Ring mail         |       |    26 |   178 |   213 |       ||   417
Dodge: Dodged            |    57 |   191 |   383 |   602 |    76 ||  1309
